 Dungeon Crawl Stone Soup version 0.31.0-11-ge490571c62 (webtiles) character file.

Game seed: 14418464153401628572

10971 Maffolandro the Cleaver (level 11, 0/87 HPs)
             Began as a Human Wanderer on Jan 27, 2024.
             Was a Priest of Makhleb.
             Slain by a vampire mosquito (5 damage)
             ... on level 12 of the Dungeon.
             The game lasted 00:38:26 (14077 turns).

Maffolandro the Cleaver (Human Wanderer)           Turns: 14077, Time: 00:38:27

Health: 0/87       AC: 19    Str: 21    XL:     11   Next: 70%
Magic:  13/13      EV:  6    Int:  9    God:    Makhleb [***...]
Gold:   211        SH:  4    Dex: 12    Spells: 10/10 levels left

rFire   . . .        a - +3 broad axe (heavy)
rCold   + . .        c - +0 buckler
rNeg    . . .        I - +0 plate armour
rPois   .            (no helmet)
rElec   .            (no cloak)
rCorr   .            E - +0 pair of gloves
SInv    .            e - +0 pair of boots
Will    .....        (no amulet) Stlth
                     f - +4 ring of protection
HPRegen 0.34/turn    D - ring of protection from cold
MPRegen 0.13/turn

%: no passive effects
@: no status effects
A: explore regen
a: Renounce Religion, Minor Destruction, Lesser Servant of Makhleb


You were on level 12 of the Dungeon.
You worshipped Makhleb.
Makhleb was most pleased with you.
You visited 2 branches of the dungeon, and saw 15 of its levels.
You also visited: Sewer.

You collected 740 gold pieces.
You spent 529 gold pieces at shops.

Inventory:

Hand Weapons
 a - a +3 heavy broad axe (weapon)
 b - a +4 flail
 h - a +0 sling
Missiles
 i - 9 boomerangs
 z - 28 poisoned darts (quivered)
 A - 3 curare-tipped darts
 F - 3 datura-tipped darts
 G - 2 darts of dispersal
Armour
 c - a +0 buckler (worn)
 e - a +0 pair of boots (worn)
 E - a +0 pair of gloves (worn)
 I - a +0 plate armour (worn)
Jewellery
 f - a +4 ring of protection (left hand)
 k - a +6 ring of intelligence
 D - a ring of protection from cold (right hand)
Wands
 C - a wand of polymorph (1)
 H - a wand of light (7)
 K - a wand of iceblast (4)
 L - a wand of paralysis (19)
Scrolls
 j - 2 scrolls of teleportation
 l - 2 scrolls of butterflies {unknown}
 m - 4 scrolls of fear
 n - 2 scrolls of revelation {unknown}
 u - 2 scrolls of enchant armour {unknown}
 w - 11 scrolls of identify {unknown}
 y - 2 scrolls of torment {unknown}
 J - a scroll of amnesia {unknown}
 M - a scroll of fog {unknown}
 N - 2 scrolls of vulnerability {unknown}
 O - 2 scrolls of blinking {unknown}
Potions
 d - a potion of haste
 g - 4 potions of resistance {unknown}
 o - 3 potions of invisibility {unknown}
 p - 3 potions of cancellation {unknown}
 q - 2 potions of berserk rage {unknown}
 r - 5 potions of curing
 s - a potion of might
 t - 3 potions of brilliance {unknown}
 v - 6 potions of heal wounds
 x - 2 potions of mutation {unknown}
 B - a potion of enlightenment {unknown}


   Skills:
 + Level 8.4 Fighting
 - Level 2.0 Long Blades
 * Level 13.1 Axes
 - Level 6.0 Throwing
 + Level 7.2 Armour
 - Level 2.0 Shields
 + Level 3.6 Invocations


You had 10 spell levels left.
You didn't know any spells.
Your spell library contained the following spells:

 Spells                   Type           Power      Damage    Failure   Level
 Freeze                   Ice            0%         1d3       100%        1
 Call Imp                 Summ           0%         N/A       100%        2
 Lesser Beckoning         Tloc           0%         N/A       100%        2
 Sublimation of Blood     Necr           0%         N/A       100%        2
 Frozen Ramparts          Ice            0%         1d1       100%        3
 Gell's Gravitas          Tloc           0%         N/A       100%        3
 Hailstorm                Conj/Ice       0%         3d5       100%        3
 Teleport Other           Tloc           0%         N/A       100%        3
 Petrify                  Alch/Erth      0%         N/A       100%        4
 Irradiate                Conj/Alch      0%         3d11      100%        5
 Summon Hydra             Summ           0%         N/A       100%        7


Dungeon Overview and Level Annotations

Branches:
Dungeon (14/15)            Temple (1/1) D:4            Lair (0/5) D:8
    Orc (0/2) D:10          Sewer (visited)
 Vaults: D:13-14

Altars:
Ashenzari
Cheibriados
Dithmenos
Elyvilon
Fedhas
Gozag
Hepliaklqana
Kikubaaqudgha
Makhleb
Nemelex Xobeh
Okawaru
Qazlal
Ru
Sif Muna
Trog
Uskayaw
Vehumet
Wu Jian
Xom
Yredelemnul
Zin
The Shining One

Shops:
D:2 !   D:3 *   D:4 ?   D:5 !!**   D:6 =   D:8 :*(!*

Annotations:
D:11 2 runed translucent doors


Innate Abilities, Weirdness & Mutations

You regain HP and MP as you explore.


Message History

Makhleb accepts your kill.
You feel better.
A vampire mosquito comes into view.
Your ynoxinul misses the vampire mosquito.
Unknown command.
You barely miss the vampire mosquito.
The vampire mosquito bites you but does no damage.
A vampire mosquito comes into view.
The vampire mosquito bites you but does no damage.
Your ynoxinul hits the vampire mosquito!
You block the vampire mosquito's attack.
The vampire mosquito bites you but does no damage.
Your ynoxinul hits the vampire mosquito!
You miss the vampire mosquito.
The vampire mosquito is heavily damaged.
You barely miss the vampire mosquito.
The vampire mosquito bites you but does no damage.
You block the vampire mosquito's attack. x2
Your ynoxinul hits the vampire mosquito.
The vampire mosquito bites you!
* * * LOW HITPOINT WARNING * * *
The vampire mosquito draws strength from your injuries!
The vampire mosquito barely misses you.
The vampire mosquito closely misses your ynoxinul.
Unknown command.
You miss the vampire mosquito. You barely miss the vampire mosquito.
You slash the vampire mosquito! The vampire mosquito barely misses you.
The vampire mosquito bites you but does no damage. x2
Your ynoxinul gestures.
The vampire mosquito bites you but does no damage.
The vampire mosquito closely misses you.
You block the vampire mosquito's attack.
Unknown command.
You barely miss the vampire mosquito. x3
The vampire mosquito completely misses you.
The vampire mosquito bites you.
* * * LOW HITPOINT WARNING * * *
The vampire mosquito draws strength from your injuries!
The vampire mosquito bites you.
You die...

#.#####..
#........
#.......!
#.......C
#.# .. #[#
..<.
#.####.....
#.yy3......
#>@y5.5....
###########


You could see 3 vampire mosquitoes, a friendly ynoxinul (summoned) and 2
friendly ufetubi.

Vanquished Creatures
  Josephine (D:12)
  A cyclops (D:12)
  An unseen horror (D:10)
  A komodo dragon (D:8)
  Psyche (D:9)
  2 polar bears (D:8)
  A troll (D:12)
  6 yaks
  5 wraiths
  A water elemental (D:11)
  2 wyverns (D:9)
  3 steam dragons
  An unseen horror simulacrum (D:8)
  Duvessa (D:4)
  2 water moccasins
  5 orc warriors
  6 ice beasts
  2 black bears
  An ogre (D:5)
  4 centaurs
  2 phantoms
  8 kobold brigands
  Blork the orc (D:5)
  2 bullfrogs
  4 scorpions
  A hornet simulacrum (D:8)
  Dowan (D:4)
  5 wights (D:8)
  2 killer bees
  7 howler monkeys
  7 electric eels
  2 jellies
  3 hounds
  7 orc priests
  2 gnoll boudas (D:6)
  7 iguanas
  Ijyb (D:5)
  11 orc wizards
  A killer bee simulacrum (D:8)
  8 adders
  7 gnolls
  3 river rats (Sewer)
  5 white imps (D:8)
  A howler monkey simulacrum (D:8)
  2 ufetubi (D:5)
  3 ribbon worms
  3 dart slugs
  39 orcs
  10 ball pythons
  4 bats (D:1)
  9 endoplasms
  2 giant cockroaches
  7 goblins
  4 hobgoblins
  4 jackals (D:1)
  5 quokkas
  7 frilled lizards
  20 kobolds
  14 rats
278 creatures vanquished.

Vanquished Creatures (collateral kills)
  A hydra (D:13)
  A wraith (D:12)
2 creatures vanquished.

Vanquished Creatures (others)
  A yak (D:8)
1 creature vanquished.

Grand Total: 281 creatures vanquished

Notes
Turn   | Place    | Note
-------+----------+-------------------------------------------
     0 | D:1      | Maffolandro the Human Wanderer began the quest for the Orb.
     0 | D:1      | Maffolandro set off with the following items: a +2 hand
                  | axe, a +0 falchion, a +0 buckler, a potion of haste, a +0
                  | leather armour.
     0 | D:1      | Reached XP level 1. HP: 15/15 MP: 1/1
   220 | D:1      | Reached XP level 2. HP: 10/21 MP: 2/2
   602 | D:1      | Reached XP level 3. HP: 27/27 MP: 3/3
  1114 | D:1      | Reached skill level 4 in Axes
  1415 | D:2      | Found Dystroep's Distillery.
  1418 | D:2      | Bought a potion of curing for 39 gold pieces
  1418 | D:2      | Bought a potion of might for 52 gold pieces
  1623 | D:2      | Reached XP level 4. HP: 33/33 MP: 4/4
  1938 | D:3      | Found Ziwodafi's General Store.
  2030 | D:3      | Bought a scroll of noise for 14 gold pieces
  2030 | D:3      | Bought a potion of heal wounds for 70 gold pieces
  2237 | D:2      | Bought a potion of degeneration for 13 gold pieces
  2362 | D:4      | Found a glowing drain.
  2366 | Sewer    | Entered a sewer
  2447 | Sewer    | Noticed a kobold brigand
  2464 | Sewer    | Killed a kobold brigand
  2465 | Sewer    | Reached skill level 5 in Axes
  2465 | Sewer    | Reached XP level 5. HP: 21/40 MP: 5/5
  2572 | Sewer    | Noticed a kobold brigand
  2586 | Sewer    | Killed a kobold brigand
  2587 | Sewer    | Reached XP level 6. HP: 46/47 MP: 6/6
  2793 | Sewer    | Reached skill level 6 in Axes
  2910 | Sewer    | Reached XP level 7. HP: 31/54 MP: 7/7
  3390 | D:4      | Found a staircase to the Ecumenical Temple.
  3417 | Temple   | Entered the Ecumenical Temple
  3436 | Temple   | Became a worshipper of Makhleb the Destroyer
  3795 | D:4      | Noticed Duvessa
  3797 | D:4      | Noticed Dowan
  3813 | D:4      | Killed Duvessa
  3871 | D:4      | Killed Dowan
  3919 | D:4      | Found a radiant altar of Vehumet.
  4283 | D:4      | Found a white marble altar of Elyvilon.
  4326 | D:4      | Noticed a steam dragon
  4471 | D:4      | Killed a steam dragon
  4472 | D:4      | Reached skill level 7 in Axes
  4472 | D:4      | Reached skill level 5 in Throwing
  4472 | D:4      | Reached XP level 8. HP: 47/60 MP: 8/8
  4701 | D:4      | Found Laibb's Magic Scroll Shop.
  4704 | D:4      | Bought a scroll of teleportation for 33 gold pieces
  4745 | D:5      | Entered Level 5 of the Dungeon
  5363 | D:5      | Found Fucoysh's Distillery.
  5675 | D:5      | Found Weromikh's General Store.
  5682 | D:5      | Found Ytenomig's General Store.
  5753 | D:5      | Reached skill level 8 in Axes
  5802 | D:5      | Found a broken altar of Ashenzari.
  5804 | D:5      | Noticed Ijyb
  5854 | D:5      | Found a sparkling altar of Nemelex Xobeh.
  5946 | D:5      | Found Tukod's Distillery.
  6117 | D:5      | Killed Ijyb
  6192 | D:6      | Noticed Blork the orc
  6204 | D:5      | Killed Blork the orc
  6285 | D:5      | Reached XP level 9. HP: 58/66 MP: 9/9
  6326 | D:5      | Reached * piety under Makhleb
  6498 | D:6      | Found a shimmering altar of Xom.
  6519 | D:6      | Found Vul Nei's Jewellery Shoppe.
  6637 | D:6      | Reached skill level 9 in Axes
  6887 | D:6      | Noticed a boulder beetle
  6932 | D:6      | Reached skill level 5 in Fighting
  7077 | D:6      | Noticed a troll
  7193 | D:5      | Bought a +1 heavy broad axe for 170 gold pieces
  7421 | D:7      | Found a shadowy altar of Dithmenos.
  7887 | D:7      | Reached skill level 10 in Axes
  8274 | D:8      | Found Giblatog's General Store.
  8282 | D:8      | Found Ceqay's Weapon Shoppe.
  8297 | D:8      | Found Dilot's Book Shoppe.
  8353 | D:8      | Noticed a polar bear
  8369 | D:8      | Killed a polar bear
  8370 | D:8      | Reached XP level 10. HP: 49/76 MP: 10/10
  8542 | D:8      | Reached ** piety under Makhleb
  8595 | D:8      | Found a staircase to the Lair.
  8740 | D:8      | Reached skill level 5 in Armour
  8744 | D:8      | Reached skill level 11 in Axes
  9864 | D:8      | Found Dicurr's Assorted Antiques.
 10186 | D:8      | Found an ornate altar of the Wu Jian Council.
 10235 | D:8      | Found Vodaddum's Distillery.
 10555 | D:5      | Bought a scroll of enchant weapon for 90 gold pieces
 10555 | D:5      | Bought a scroll of fear for 48 gold pieces
 10889 | D:9      | Noticed Psyche
 11001 | D:9      | Reached *** piety under Makhleb
 11258 | D:9      | Reached skill level 12 in Axes
 11539 | D:9      | Killed Psyche
 11540 | D:9      | Reached XP level 11. HP: 70/84 MP: 11/11
 11652 | D:10     | Entered Level 10 of the Dungeon
 11846 | D:10     | Reached skill level 1 in Invocations
 12171 | D:10     | Found a staircase to the Orcish Mines.
 13226 | D:11     | Noticed a two-headed ogre
 13234 | D:11     | Noticed an orc knight
 13239 | D:11     | Noticed a seven-headed hydra
 13720 | D:11     | Found a runed translucent door.
 13725 | D:11     | Found a runed translucent door.
 13725 | D:11     | Noticed a boulder beetle
 13725 | D:11     | Noticed a cyclops
 13731 | D:11     | You fall into a shaft and drop 3 floors!
 13734 | D:13     | Noticed a four-headed hydra
 13743 | D:13     | Killed a four-headed hydra
 13749 | D:12     | Noticed Josephine
 13760 | D:12     | Killed Josephine
 13978 | D:13     | Noticed a deep elf pyromancer
 14044 | D:13     | Noticed a boulder beetle
 14058 | D:12     | Noticed a cyclops
 14059 | D:12     | Reached skill level 13 in Axes
 14073 | D:12     | Killed a cyclops
 14077 | D:12     | Slain by a vampire mosquito

Illustrated notes

Levels and vault maps discovered:
D:1:      dpeg_arrival_radiant, layout_basic, minmay_tripent
D:2:      layout_loops_ring, serial_shops, nicolae_shop_real_fake_doors
D:3:      layout_rooms, serial_shops, shop
D:4:      layout_loops_cross, nicolae_vehumet_radiance,
          mainiacjoe_overflow_small_starburst, minmay_temple_entry_waves,
          gup_sewer_entry_bowl, serial_shops, nicolae_shop_rolled_up,
          uniq_duvessa
D:5:      layout_basic, nicolae_ashenzari_panopticon,
          nemelex_spade_bored_becter, serial_shops, shop, shop, shop,
          kennysheep_little_box, uniq_ijyb
D:6:      minmay_clustersquares, layout_rooms, mainiacjoe_overflow_tiny_flanked,
          serial_shops, shop, kennysheep_generic_room_16, uniq_blork_the_orc
D:7:      layout_layer_cave, mainiacjoe_overflow_concentric_impassable
D:8:      layout_loops_cross, mainiacjoe_overflow_alcove_4, david_lair_shrubbed,
          serial_shops, nicolae_shop_back_alley_shop, shop,
          nicolae_book_shop_shelving, nicolae_shop_rolling_square, shop,
          serial_ice, serial_ice_o, serial_ice_f, serial_ice_b, serial_ice_n,
          serial_ice_a, serial_ice_d, serial_ice_c, serial_ice_k, nrook_uturn
D:9:      layout_rooms, minmay_misc_feat_rows, nicolae_letterblocks
          [nicolae_letter_subblock, nicolae_letter_subblock,
          nicolae_letter_subblock, nicolae_letter_subblock,
          nicolae_letter_subblock, nicolae_letter_subblock,
          nicolae_letter_subblock, nicolae_letter_subblock,
          nicolae_letter_subblock, nicolae_letter_subblock,
          nicolae_letter_subblock, nicolae_letter_subblock,
          nicolae_letter_subblock, nicolae_letter_subblock,
          nicolae_letter_subblock, nicolae_letter_subblock,
          nicolae_letter_subblock, nicolae_letter_subblock,
          nicolae_letter_subblock, nicolae_letter_subblock,
          nicolae_letter_subblock, nicolae_letter_subblock,
          nicolae_letter_subblock, nicolae_letter_subblock,
          nicolae_letter_subblock], uniq_psyche
D:10:     layout_basic, orc_0_dummy
D:11:     minmay_the_grid_triangle_9x9_recursive_3_mashed
          [minmay_the_grid_triangle_9x9_thin_v,
          minmay_the_grid_triangle_9x9_warning,
          minmay_the_grid_triangle_9x9_sprig,
          minmay_the_grid_triangle_9x9_prize_top_heavy,
          minmay_the_grid_triangle_9x9_odd_lines,
          minmay_the_grid_triangle_9x9_steps,
          minmay_the_grid_triangle_9x9_empty,
          minmay_the_grid_triangle_9x9_corruption,
          minmay_the_grid_triangle_9x9_tough_junction], layout_long_grid,
          serial_bayou, serial_bayou_pond_b, serial_bayou_lake_a,
          serial_bayou_lagoon_a, serial_bayou_ford_a
D:12:     layout_small_grid, kennysheep_generic_room_10, uniq_josephine
D:13:     layout_cave_pools, ximxim_vaults_locker_room, hellmonk_ghost_big_iron
D:14:     layout_loops_ring, minivault_14, nicolae_uskayaw_en_pointe,
          uniq_azrael, uniq_nessos
Temple:   eino_wide_crystal_templ

Skill      XL: |  1  2  3  4  5  6  7  8  9 10 11 |
---------------+----------------------------------+-----
Axes           | 4 5 6 7 8 10 12 13 | 13.1
Fighting       | 2 3 4 6 7 8 |  8.4
Throwing       | 2 5 6 |  6.0
Armour         | 2 4 6 7 |  7.2
Invocations    | 3 |  3.6
Long Blades    | |  2.0
Shields        | |  2.0

Action                     |  1- 3 |  4- 6 |  7- 9 | 10-12 || total
---------------------------+-------+-------+-------+-------++-------
  Melee: Hand axe          |   122 |   121 |   252 |       ||   495
         War axe           |       |       |    77 |       ||    77
         Broad axe         |       |       |    62 |   305 ||   367
         Flail             |       |       |       |     4 ||     4
  Throw: Dart              |       |     2 |    49 |     8 ||    59
 Invoke: Lesser Servant of |       |       |       |     4 ||     4
  Evoke: Wand              |       |       |       |     6 ||     6
    Use: Scroll            |       |       |       |     2 ||     2
         Potion            |       |       |       |     1 ||     1
   Stab: Sleeping          |     1 |       |       |       ||     1
 Armour: Leather armour    |    51 |       |       |       ||    51
         Chain mail        |    29 |    69 |   224 |       ||   322
         Plate armour      |       |       |   169 |   555 ||   724
  Dodge: Dodged            |    47 |    23 |   128 |   103 ||   301
  Block: Buckler           |    25 |    24 |    90 |    75 ||   214
